[ AOE2 MATCH · #485146415 ]
UnrankedSaracens vs Ethiopians
[ REPLAY ANALYSIS · EXTRACTED FROM THE RECORDED GAME ]
Feudal
10:27
Castle
—
Imperial
—
| APM avg | 50.7 |
| APM peak | 76 |
| eAPM avg | 17.6 |
| Villagers / military | 37 / 87 |
Focus
⚔️ 20.8% · 🌾 79.2%
Archer ×87
Feudal
10:44
Castle
19:47
Imperial
—
| APM avg | 19.2 |
| APM peak | 41 |
| eAPM avg | 9.1 |
| Villagers / military | 50 / 6 |
Focus
⚔️ 13.1% · 🌾 86.9%
Militia ×6
Feudal
—
Castle
—
Imperial
—
| APM avg | 17.7 |
| APM peak | 67 |
| eAPM avg | 2.8 |
| Villagers / military | 22 / 0 |
Focus
⚔️ 3.4% · 🌾 96.6%
Feudal
14:09
Castle
22:15
Imperial
—
| APM avg | 14.2 |
| APM peak | 65 |
| eAPM avg | 7.4 |
| Villagers / military | 48 / 15 |
Focus
⚔️ 23.9% · 🌾 76.1%
Skirmisher ×7 · Militia ×5 · Spearman ×3 · Trade Cart ×2
Feudal
13:09
Castle
—
Imperial
—
| APM avg | 9.1 |
| APM peak | 31 |
| eAPM avg | 5.5 |
| Villagers / military | 34 / 0 |
Focus
⚔️ 15.7% · 🌾 84.3%
Feudal
11:45
Castle
17:24
Imperial
—
| APM avg | 17.7 |
| APM peak | 32 |
| eAPM avg | 8.4 |
| Villagers / military | 44 / 17 |
Focus
⚔️ 18.4% · 🌾 81.6%
Steppe Lancer ×5 · Archer ×4 · Battering Ram ×3 · Camel Scout ×2 · Cavalry Archer ×2 · Spearman ×1
Feudal
13:13
Castle
21:03
Imperial
—
| APM avg | 30.3 |
| APM peak | 68 |
| eAPM avg | 10.4 |
| Villagers / military | 39 / 14 |
Focus
⚔️ 13.4% · 🌾 86.6%
Skirmisher ×8 · Spearman ×4 · Scorpion ×2
Feudal
12:47
Castle
16:51
Imperial
—
| APM avg | 12.3 |
| APM peak | 41 |
| eAPM avg | 5.5 |
| Villagers / military | 35 / 0 |
Focus
⚔️ 4.9% · 🌾 95.1%
Match map
Initial resources + every placement click. Lines = walls · curves = elevation contours. ◆ gold · ⬟ stone · ● berries · ✦ relic · ◌ wall gap
Your base· Open — unwalled flank
Machete's base· Open — 1t gap
Deuxfleurs's base· Open — unwalled flank
Henri's base· Open — 1t gap
R1se_Ag4inst's base· Open — unwalled flank
marcosprojj's base· Open — 3t gap
kimjjzz's base· Open — 3t gap
hannah's base· Open — unwalled flank
Smoothed initial terrain · ◌ = detected wall gap · hover for details
Inputs per minute
— CDLP_Themachine - - Machete
Build order — CDLP_Themachine
107 actions detected in the replay
| 0:02 | Create | Villager (Male) |
| 0:02 | Create | Villager (Male) |
| 0:03 | Create | Villager (Male) |
| 0:03 | Create | Villager (Male) |
| 0:07 | Build | House |
| 0:13 | Build | House |
| 1:29 | Create | Villager (Male) |
| 1:30 | Create | Villager (Male) |
| 1:52 | Build | Lumber Camp |
| 2:07 | Research | Loom |
| 2:08 | Create | Villager (Male) |
| 2:30 | Create | Villager (Male) |
| 2:30 | Create | Villager (Male) |
| 3:01 | Create | Villager (Male) |
| 3:01 | Create | Villager (Male) |
| 3:56 | Build | House |
| 4:07 | Create | Villager (Male) |
| 4:08 | Create | Villager (Male) |
| 4:08 | Create | Villager (Male) |
| 4:08 | Create | Villager (Male) |
| 5:25 | Create | Villager (Male) |
| 5:25 | Create | Villager (Male) |
| 6:05 | Create | Villager (Male) |
| 6:12 | Build | House |
| 6:26 | Build | House |
| 6:40 | Build | Mill |
| 6:46 | Create | Villager (Male) |
| 6:47 | Create | Villager (Male) |
| 7:02 | Create | Villager (Male) |
| 7:32 | Create | Villager (Male) |
| 8:17 | Research | Feudal Age |
| 8:17 | Research | Feudal Age |
| 8:25 | Build | Mining Camp |
| 9:02 | Build | Palisade Wall |
| 9:37 | Build | Barracks |
| 10:27 | Age | Feudal Age |
| 10:32 | Research | Double-Bit Axe |
| 10:47 | Build | Archery Range |
| 11:28 | Build | Blacksmith |
| 11:29 | Create | Archer |
| 11:30 | Create | Archer |
| 11:38 | Create | Villager (Male) |
| 11:39 | Create | Villager (Male) |
| 11:45 | Create | Archer |
| 11:45 | Create | Archer |
| 11:45 | Create | Archer |
| 12:08 | Build | House |
| 12:10 | Create | Archer |
| 12:10 | Create | Archer |
| 12:11 | Create | Archer |
| 13:01 | Build | Archery Range |
| 13:04 | Build | House |
| 13:05 | Build | House |
| 14:03 | Research | Fletching |
| 14:16 | Build | Palisade Gate |
| 14:25 | Create | Archer ×5 |
| 14:25 | Create | Archer ×5 |
| 14:25 | Create | Archer ×2 |
| 15:03 | Create | Archer ×2 |
| 15:03 | Create | Archer ×2 |
| 15:10 | Build | Market |
| 15:26 | Create | Villager (Male) |
| 16:06 | Create | Archer ×3 |
| 16:07 | Create | Archer ×3 |
| 16:07 | Create | Archer ×3 |
| 16:35 | Create | Archer ×2 |
| 16:36 | Create | Archer ×2 |
| 16:37 | Create | Villager (Male) |
| 16:37 | Create | Villager (Male) |
| 17:19 | Build | Watch Tower |
| 17:54 | Create | Archer ×4 |
| 17:54 | Create | Archer ×4 |
| 18:21 | Create | Archer |
| 18:21 | Create | Archer |
| 18:49 | Create | Archer ×2 |
| 18:49 | Create | Archer ×2 |
| 18:50 | Create | Villager (Male) |
| 18:51 | Create | Villager (Male) |
| 19:03 | Build | Farm |
| 19:10 | Build | Palisade Wall |
| 19:33 | Build | Farm |
| 19:37 | Build | House |
| 19:40 | Build | House |
| 19:40 | Build | House |
| 20:36 | Create | Archer ×5 |
| 20:36 | Create | Archer ×5 |
| 20:36 | Create | Archer ×5 |
| 20:38 | Create | Villager (Male) |
| 20:39 | Create | Villager (Male) |
| 20:59 | Create | Archer ×5 |
| 20:59 | Create | Archer ×5 |
| 20:59 | Create | Archer ×4 |
| 21:00 | Create | Archer |
| 21:25 | Build | Farm |
| 21:32 | Create | Villager (Male) |
| 21:33 | Create | Villager (Male) |
| 21:57 | Create | Archer ×3 |
| 21:57 | Create | Archer ×3 |
| 22:06 | Create | Villager (Male) |
| 22:07 | Create | Villager (Male) |
| 22:56 | Research | Gold Mining |
| 22:56 | Research | Gold Mining |
| 24:00 | Create | Villager (Male) |
| 24:00 | Create | Villager (Male) |
| 24:05 | Build | House |
| 24:06 | Build | House |
| 24:08 | Build | House |
Build order — Machete
110 actions detected in the replay
| 0:03 | Build | House |
| 0:04 | Create | Villager (Male) |
| 0:04 | Create | Villager (Male) |
| 0:04 | Create | Villager (Male) |
| 0:04 | Create | Villager (Male) |
| 0:05 | Create | Villager (Male) |
| 0:07 | Build | House |
| 1:45 | Create | Villager (Male) |
| 1:45 | Create | Villager (Male) |
| 2:09 | Create | Villager (Male) |
| 2:09 | Create | Villager (Male) |
| 2:25 | Create | Villager (Male) |
| 2:25 | Create | Villager (Male) |
| 2:37 | Build | Lumber Camp |
| 3:03 | Create | Villager (Male) |
| 3:03 | Create | Villager (Male) |
| 3:30 | Create | Villager (Male) |
| 3:31 | Create | Villager (Male) |
| 3:39 | Build | House |
| 3:41 | Build | House |
| 4:00 | Create | Villager (Male) |
| 4:00 | Create | Villager (Male) |
| 4:27 | Create | Villager (Male) |
| 4:27 | Create | Villager (Male) |
| 4:57 | Create | Villager (Male) |
| 4:57 | Create | Villager (Male) |
| 4:57 | Create | Villager (Male) |
| 5:17 | Create | Villager (Male) |
| 5:17 | Create | Villager (Male) |
| 6:40 | Create | Villager (Male) |
| 7:09 | Build | Mill |
| 7:16 | Create | Villager (Male) |
| 7:44 | Create | Villager (Male) |
| 7:45 | Create | Villager (Male) |
| 8:22 | Research | Feudal Age |
| 8:42 | Build | Mining Camp |
| 9:37 | Build | House |
| 9:39 | Build | House |
| 9:48 | Build | Palisade Wall |
| 10:08 | Build | House |
| 10:14 | Build | Palisade Wall |
| 10:25 | Build | Palisade Wall |
| 10:28 | Create | Villager (Male) |
| 10:29 | Create | Villager (Male) |
| 10:44 | Age | Feudal Age |
| 11:13 | Build | Market |
| 11:18 | Create | Villager (Male) |
| 11:31 | Build | Palisade Gate |
| 11:39 | Build | Palisade Wall |
| 11:55 | Build | Palisade Gate |
| 12:02 | Create | Villager (Male) |
| 12:02 | Create | Villager (Male) |
| 13:03 | Create | Villager (Male) |
| 13:16 | Build | Blacksmith |
| 13:32 | Create | Villager (Male) |
| 14:05 | Research | Loom |
| 14:15 | Build | Mill |
| 14:19 | Create | Villager (Male) |
| 14:36 | Research | Horse Collar |
| 14:42 | Build | Farm |
| 14:48 | Build | Farm |
| 14:55 | Build | Farm |
| 14:59 | Create | Villager (Male) |
| 14:59 | Create | Villager (Male) |
| 15:04 | Build | Farm |
| 15:05 | Build | Farm |
| 15:10 | Build | Farm |
| 15:34 | Build | Farm |
| 15:34 | Build | Farm |
| 15:37 | Create | Villager (Male) |
| 16:14 | Build | Barracks |
| 16:17 | Create | Villager (Male) |
| 16:17 | Create | Villager (Male) |
| 16:48 | Build | Mining Camp |
| 17:05 | Research | Castle Age |
| 17:24 | Build | House |
| 17:25 | Build | House |
| 17:29 | Build | House |
| 17:37 | Build | House |
| 17:38 | Build | House |
| 17:48 | Create | Militia |
| 17:48 | Create | Militia |
| 18:39 | Create | Militia |
| 18:39 | Create | Militia |
| 19:02 | Research | Stone Mining |
| 19:04 | Research | Gold Mining |
| 19:11 | Create | Villager (Male) |
| 19:12 | Create | Villager (Male) |
| 19:44 | Build | Farm |
| 19:44 | Build | Farm |
| 19:47 | Age | Castle Age |
| 20:05 | Research | Scale Mail Armor |
| 20:08 | Research | Forging |
| 20:52 | Create | Villager (Male) |
| 20:53 | Create | Villager (Male) |
| 20:53 | Create | Villager (Male) |
| 20:57 | Research | Double-Bit Axe |
| 21:45 | Research | Squires |
| 21:46 | Research | Gambesons |
| 21:48 | Create | Militia |
| 21:49 | Create | Militia |
| 21:57 | Build | Farm |
| 21:57 | Build | Farm |
| 21:58 | Build | Farm |
| 22:22 | Research | Iron Casting |
| 23:28 | Build | Krepost |
| 23:57 | Create | Villager (Male) |
| 23:57 | Create | Villager (Male) |
| 23:58 | Create | Villager (Male) |
| 23:58 | Create | Villager (Male) |
Build order — Deuxfleurs
29 actions detected in the replay
| 0:04 | Build | House |
| 0:06 | Build | House |
| 0:06 | Create | Villager (Male) |
| 0:07 | Create | Villager (Male) |
| 0:07 | Create | Villager (Male) |
| 0:07 | Create | Villager (Male) |
| 1:35 | Create | Villager (Male) |
| 1:36 | Create | Villager (Male) |
| 2:18 | Build | Lumber Camp |
| 2:40 | Create | Villager (Male) |
| 2:40 | Create | Villager (Male) |
| 2:41 | Create | Villager (Male) |
| 3:39 | Create | Villager (Male) |
| 3:39 | Create | Villager (Male) |
| 3:39 | Create | Villager (Male) |
| 4:47 | Build | Mill |
| 4:56 | Create | Villager (Male) |
| 4:56 | Create | Villager (Male) |
| 4:56 | Create | Villager (Male) |
| 5:27 | Build | House |
| 5:28 | Build | House |
| 5:45 | Research | Loom |
| 5:45 | Create | Villager (Male) |
| 5:46 | Create | Villager (Male) |
| 5:46 | Create | Villager (Male) |
| 5:46 | Create | Villager (Male) |
| 5:46 | Create | Villager (Male) |
| 7:35 | Create | Villager (Male) |
| 7:35 | Create | Villager (Male) |
Build order — Henri
123 actions detected in the replay
| 0:02 | Create | Villager (Male) |
| 0:02 | Create | Villager (Male) |
| 0:02 | Create | Villager (Male) |
| 0:02 | Create | Villager (Male) |
| 0:03 | Build | House |
| 0:20 | Research | Loom |
| 0:46 | Build | House |
| 1:49 | Build | Mill |
| 1:50 | Create | Villager (Male) |
| 1:50 | Create | Villager (Male) |
| 2:14 | Create | Villager (Male) |
| 3:26 | Build | Farm |
| 3:30 | Create | Villager (Male) |
| 3:36 | Build | Farm |
| 3:58 | Create | Villager (Male) |
| 3:58 | Create | Villager (Male) |
| 4:17 | Create | Villager (Male) |
| 4:39 | Create | Villager (Male) |
| 4:52 | Build | Lumber Camp |
| 5:00 | Create | Villager (Male) |
| 6:05 | Create | Villager (Male) |
| 6:06 | Create | Villager (Male) |
| 6:13 | Build | House |
| 6:44 | Create | Villager (Male) |
| 7:10 | Create | Villager (Male) |
| 7:23 | Create | Villager (Male) |
| 7:32 | Build | Barracks |
| 7:41 | Create | Villager (Male) |
| 8:19 | Create | Villager (Male) |
| 8:30 | Build | House |
| 8:32 | Build | House |
| 8:39 | Build | Farm |
| 8:45 | Build | Farm |
| 8:49 | Create | Villager (Male) |
| 8:56 | Build | Farm |
| 9:00 | Build | Farm |
| 9:12 | Create | Villager (Male) |
| 9:27 | Build | Farm |
| 9:28 | Create | Villager (Male) |
| 9:38 | Build | House |
| 9:41 | Build | House |
| 9:47 | Create | Militia |
| 9:47 | Create | Militia |
| 10:00 | Create | Villager (Male) |
| 10:05 | Build | Farm |
| 10:34 | Build | Farm |
| 10:37 | Build | Farm |
| 10:48 | Create | Villager (Male) |
| 11:10 | Build | Farm |
| 11:19 | Build | Farm |
| 11:20 | Create | Villager (Male) |
| 11:30 | Build | House |
| 11:45 | Build | Farm |
| 11:59 | Research | Feudal Age |
| 12:23 | Build | Palisade Wall |
| 12:29 | Build | Palisade Wall |
| 12:33 | Create | Villager (Male) |
| 12:42 | Create | Villager (Male) |
| 13:17 | Build | Palisade Gate |
| 13:24 | Build | Palisade Wall |
| 13:28 | Build | Palisade Wall |
| 13:30 | Create | Villager (Male) |
| 13:40 | Build | Palisade Wall |
| 13:46 | Build | Palisade Gate |
| 13:51 | Build | Palisade Wall |
| 13:53 | Create | Villager (Male) |
| 14:09 | Age | Feudal Age |
| 14:18 | Build | Archery Range |
| 14:22 | Create | Villager (Male) |
| 14:23 | Research | Wheelbarrow |
| 14:27 | Research | Double-Bit Axe |
| 14:29 | Research | Horse Collar |
| 14:48 | Research | Town Watch |
| 14:56 | Create | Villager (Male) |
| 15:05 | Build | Mining Camp |
| 15:26 | Create | Villager (Male) |
| 15:36 | Build | Mining Camp |
| 15:39 | Create | Villager (Male) |
| 15:44 | Create | Skirmisher |
| 15:45 | Create | Skirmisher |
| 16:21 | Create | Villager (Male) |
| 16:32 | Build | Blacksmith |
| 16:45 | Create | Villager (Male) |
| 17:08 | Build | Palisade Wall |
| 17:17 | Create | Villager (Male) |
| 17:37 | Build | Market |
| 17:42 | Create | Villager (Male) |
| 18:14 | Build | Market |
| 18:23 | Create | Villager (Male) |
| 18:31 | Create | Villager (Male) |
| 18:46 | Build | Market |
| 19:07 | Research | Castle Age |
| 19:12 | Create | Villager (Male) |
| 19:16 | Create | Skirmisher |
| 19:16 | Create | Skirmisher |
| 19:17 | Create | Skirmisher |
| 19:17 | Create | Skirmisher |
| 19:17 | Create | Skirmisher |
| 19:52 | Create | Villager (Male) |
| 20:00 | Research | Padded Archer Armor |
| 20:01 | Research | Fletching |
| 20:02 | Research | Forging |
| 20:47 | Create | Trade Cart |
| 20:49 | Create | Villager (Male) |
| 20:49 | Create | Villager (Male) |
| 21:16 | Research | Man-at-Arms (upgrade) |
| 21:22 | Create | Militia |
| 21:22 | Create | Spearman |
| 21:23 | Create | Militia |
| 21:23 | Create | Militia |
| 21:24 | Create | Spearman |
| 21:24 | Create | Spearman |
| 21:25 | Research | Arson |
| 22:06 | Create | Villager (Male) |
| 22:09 | Build | Farm |
| 22:15 | Age | Castle Age |
| 22:23 | Create | Villager (Male) |
| 22:51 | Build | Town Center |
| 23:02 | Build | Farm |
| 24:08 | Create | Villager (Male) |
| 24:08 | Create | Villager (Male) |
| 24:10 | Research | Town Patrol |
| 24:13 | Create | Trade Cart |
Build order — R1se_Ag4inst
65 actions detected in the replay
| 0:02 | Create | Villager (Male) |
| 0:02 | Create | Villager (Male) |
| 0:02 | Create | Villager (Male) |
| 0:05 | Build | House |
| 0:34 | Build | House |
| 0:35 | Build | House |
| 0:38 | Build | House |
| 0:56 | Create | Villager (Male) |
| 0:56 | Create | Villager (Male) |
| 1:31 | Create | Villager (Male) |
| 2:08 | Create | Villager (Male) |
| 2:08 | Create | Villager (Male) |
| 2:08 | Create | Villager (Male) |
| 3:54 | Create | Villager (Male) |
| 3:54 | Create | Villager (Male) |
| 4:19 | Create | Villager (Male) |
| 4:20 | Create | Villager (Male) |
| 4:20 | Create | Villager (Male) |
| 4:26 | Build | Mill |
| 5:24 | Create | Villager (Male) |
| 5:25 | Create | Villager (Male) |
| 5:25 | Create | Villager (Male) |
| 6:12 | Create | Villager (Male) |
| 8:52 | Build | Town Center |
| 10:37 | Build | Lumber Camp |
| 10:59 | Research | Feudal Age |
| 12:44 | Create | Villager (Male) |
| 12:44 | Create | Villager (Male) |
| 13:09 | Age | Feudal Age |
| 13:53 | Create | Villager (Male) |
| 13:53 | Create | Villager (Male) |
| 13:53 | Create | Villager (Male) |
| 13:54 | Create | Villager (Male) |
| 14:38 | Build | House |
| 14:40 | Build | House |
| 14:41 | Build | House |
| 14:43 | Build | House |
| 14:57 | Create | Villager (Male) |
| 14:57 | Create | Villager (Male) |
| 14:58 | Create | Villager (Male) |
| 16:17 | Build | Blacksmith |
| 16:23 | Build | Barracks |
| 16:35 | Build | Market |
| 16:41 | Build | Farm |
| 16:49 | Create | Villager (Male) |
| 16:50 | Create | Villager (Male) |
| 16:52 | Create | Villager (Male) |
| 17:29 | Build | Farm |
| 17:31 | Build | Farm |
| 17:32 | Build | Farm |
| 17:36 | Build | Farm |
| 17:37 | Build | Farm |
| 17:39 | Build | Farm |
| 17:40 | Build | Farm |
| 17:52 | Build | Farm |
| 17:59 | Build | Farm |
| 18:02 | Build | Farm |
| 18:08 | Create | Villager (Male) |
| 18:09 | Create | Villager (Male) |
| 18:30 | Build | Farm |
| 18:46 | Build | Farm |
| 18:59 | Create | Villager (Male) |
| 19:00 | Create | Villager (Male) |
| 23:25 | Research | Castle Age |
| 23:31 | Research | Loom |
Build order — marcosprojj
100 actions detected in the replay
| 0:03 | Create | Villager (Male) |
| 0:03 | Create | Villager (Male) |
| 0:04 | Create | Villager (Male) |
| 0:04 | Create | Villager (Male) |
| 0:07 | Build | House |
| 0:11 | Build | House |
| 0:41 | Build | House |
| 0:42 | Build | House |
| 1:15 | Build | Palisade Wall |
| 1:30 | Research | Loom |
| 1:47 | Build | Palisade Wall |
| 1:54 | Create | Villager (Male) |
| 2:34 | Create | Villager (Male) |
| 2:35 | Create | Villager (Male) |
| 3:31 | Create | Villager (Male) |
| 3:31 | Create | Villager (Male) |
| 4:17 | Create | Villager (Male) |
| 4:17 | Create | Villager (Male) |
| 4:55 | Build | Mill |
| 5:06 | Create | Villager (Male) |
| 5:06 | Create | Villager (Male) |
| 5:43 | Create | Villager (Male) |
| 5:43 | Create | Villager (Male) |
| 6:03 | Create | Villager (Male) |
| 6:27 | Create | Villager (Male) |
| 6:43 | Build | Lumber Camp |
| 6:45 | Create | Villager (Male) |
| 6:58 | Build | House |
| 7:16 | Create | Villager (Male) |
| 7:36 | Build | Palisade Wall |
| 8:25 | Build | Palisade Wall |
| 8:45 | Create | Villager (Male) |
| 8:46 | Create | Villager (Male) |
| 9:13 | Research | Feudal Age |
| 9:30 | Build | Barracks |
| 10:32 | Create | Villager (Male) |
| 10:33 | Create | Villager (Male) |
| 10:38 | Build | House |
| 10:40 | Build | House |
| 11:02 | Build | Mining Camp |
| 11:13 | Build | House |
| 11:36 | Create | Villager (Male) |
| 11:45 | Age | Feudal Age |
| 11:53 | Build | Mill |
| 12:12 | Build | Archery Range |
| 12:29 | Create | Villager (Male) |
| 13:11 | Build | Palisade Gate |
| 13:25 | Create | Villager (Male) |
| 13:26 | Create | Villager (Male) |
| 13:35 | Build | Stable |
| 14:00 | Create | Spearman |
| 14:15 | Create | Villager (Male) |
| 14:19 | Build | House |
| 14:20 | Build | House |
| 14:44 | Research | Castle Age |
| 15:07 | Build | House |
| 15:09 | Build | House |
| 15:16 | Create | Archer |
| 15:43 | Build | Pasture |
| 15:45 | Build | Pasture |
| 15:54 | Create | Archer |
| 15:55 | Create | Archer |
| 16:33 | Build | Pasture |
| 16:50 | Build | House |
| 16:52 | Build | House |
| 17:02 | Create | Archer |
| 17:24 | Age | Castle Age |
| 17:30 | Create | Cavalry Archer |
| 17:30 | Create | Cavalry Archer |
| 18:45 | Build | Town Center |
| 18:56 | Create | Villager (Male) |
| 18:56 | Create | Villager (Male) |
| 18:56 | Create | Villager (Male) |
| 18:57 | Create | Villager (Male) |
| 19:03 | Create | Camel Scout |
| 19:03 | Create | Camel Scout |
| 20:21 | Create | Villager (Male) |
| 20:21 | Create | Villager (Male) |
| 20:21 | Create | Villager (Male) |
| 20:22 | Create | Villager (Male) |
| 20:24 | Create | Villager (Male) |
| 20:25 | Create | Villager (Male) |
| 21:04 | Create | Villager (Male) |
| 21:04 | Create | Villager (Male) |
| 21:09 | Create | Steppe Lancer |
| 21:09 | Create | Steppe Lancer |
| 21:09 | Create | Steppe Lancer |
| 21:36 | Create | Villager (Male) |
| 21:36 | Create | Villager (Male) |
| 22:00 | Build | Blacksmith |
| 22:19 | Create | Steppe Lancer |
| 22:19 | Create | Steppe Lancer |
| 22:30 | Build | Siege Workshop |
| 22:54 | Create | Battering Ram |
| 22:57 | Create | Battering Ram |
| 23:04 | Build | Mining Camp |
| 23:14 | Create | Villager (Male) |
| 23:18 | Create | Villager (Male) |
| 23:33 | Build | Castle |
| 23:44 | Create | Battering Ram |
Build order — kimjjzz
105 actions detected in the replay
| 0:02 | Build | House |
| 0:05 | Build | House |
| 0:06 | Create | Villager (Male) |
| 0:06 | Create | Villager (Male) |
| 0:06 | Create | Villager (Male) |
| 0:07 | Create | Villager (Male) |
| 1:33 | Create | Villager (Male) |
| 1:52 | Build | Lumber Camp |
| 2:08 | Create | Villager (Male) |
| 2:09 | Create | Villager (Male) |
| 2:21 | Create | Villager (Male) |
| 3:03 | Create | Villager (Male) |
| 3:04 | Create | Villager (Male) |
| 3:15 | Create | Villager (Male) |
| 3:36 | Build | House |
| 3:51 | Create | Villager (Male) |
| 4:18 | Build | Mill |
| 4:31 | Create | Villager (Male) |
| 4:31 | Create | Villager (Male) |
| 5:16 | Create | Villager (Male) |
| 5:16 | Create | Villager (Male) |
| 5:16 | Create | Villager (Male) |
| 5:27 | Create | Villager (Male) |
| 5:27 | Create | Villager (Male) |
| 5:27 | Create | Villager (Male) |
| 6:27 | Build | Lumber Camp |
| 7:09 | Create | Villager (Male) |
| 7:10 | Create | Villager (Male) |
| 7:10 | Create | Villager (Male) |
| 7:10 | Create | Villager (Male) |
| 7:10 | Create | Villager (Male) |
| 7:17 | Build | House |
| 7:46 | Build | Farm |
| 8:22 | Build | Farm |
| 8:25 | Build | Farm |
| 8:26 | Build | Farm |
| 8:27 | Build | Farm |
| 8:29 | Build | Farm |
| 8:30 | Build | Farm |
| 8:45 | Build | Farm |
| 8:59 | Build | Farm |
| 9:13 | Build | Farm |
| 9:17 | Build | Farm |
| 9:45 | Build | Farm |
| 9:48 | Create | Villager (Male) |
| 9:48 | Research | Loom |
| 9:49 | Create | Villager (Male) |
| 9:59 | Build | House |
| 10:22 | Build | Mining Camp |
| 10:35 | Research | Feudal Age |
| 11:20 | Create | Villager (Male) |
| 11:20 | Create | Villager (Male) |
| 11:28 | Build | Barracks |
| 11:41 | Build | Barracks |
| 12:36 | Create | Villager (Male) |
| 12:53 | Build | House |
| 12:58 | Build | House |
| 13:13 | Age | Feudal Age |
| 13:13 | Research | Double-Bit Axe |
| 13:19 | Research | Gold Mining |
| 13:30 | Research | Horse Collar |
| 13:38 | Research | Wheelbarrow |
| 13:45 | Build | Archery Range |
| 14:08 | Create | Villager (Male) |
| 14:08 | Create | Villager (Male) |
| 14:17 | Build | Farm |
| 14:51 | Build | Farm |
| 14:54 | Create | Skirmisher |
| 14:54 | Create | Skirmisher |
| 14:54 | Create | Skirmisher |
| 14:54 | Create | Skirmisher |
| 14:55 | Create | Skirmisher |
| 15:21 | Create | Villager (Male) |
| 17:06 | Build | Mining Camp |
| 17:36 | Build | Blacksmith |
| 18:23 | Research | Castle Age |
| 18:26 | Create | Villager (Male) |
| 18:26 | Create | Villager (Male) |
| 18:26 | Create | Villager (Male) |
| 19:07 | Build | Market |
| 19:10 | Create | Skirmisher |
| 19:11 | Create | Skirmisher |
| 19:11 | Create | Skirmisher |
| 19:22 | Create | Spearman |
| 19:22 | Create | Spearman |
| 19:22 | Create | Spearman |
| 19:23 | Create | Spearman |
| 20:26 | Build | Mining Camp |
| 20:33 | Build | House |
| 20:36 | Build | House |
| 20:37 | Build | House |
| 21:03 | Age | Castle Age |
| 21:44 | Research | Pikeman (upgrade) |
| 21:50 | Build | Siege Workshop |
| 22:06 | Build | Farm |
| 22:09 | Build | Farm |
| 22:19 | Build | Farm |
| 23:03 | Build | Farm |
| 23:14 | Build | Farm |
| 23:19 | Create | Villager (Male) |
| 23:19 | Create | Villager (Male) |
| 23:19 | Create | Villager (Male) |
| 23:29 | Create | Scorpion |
| 23:29 | Create | Scorpion |
| 23:40 | Research | Bow Saw |
Build order — hannah
59 actions detected in the replay
| 0:13 | Create | Villager (Male) |
| 0:13 | Create | Villager (Male) |
| 0:14 | Create | Villager (Male) |
| 0:14 | Create | Villager (Male) |
| 0:14 | Create | Villager (Male) |
| 0:26 | Build | House |
| 0:28 | Build | House |
| 1:49 | Create | Villager (Male) |
| 1:49 | Create | Villager (Male) |
| 2:35 | Build | Lumber Camp |
| 2:39 | Create | Villager (Male) |
| 2:40 | Create | Villager (Male) |
| 2:40 | Create | Villager (Male) |
| 3:22 | Create | Villager (Male) |
| 3:23 | Create | Villager (Male) |
| 3:23 | Create | Villager (Male) |
| 3:23 | Create | Villager (Male) |
| 4:35 | Create | Villager (Male) |
| 4:36 | Create | Villager (Male) |
| 4:36 | Create | Villager (Male) |
| 4:53 | Build | House |
| 5:07 | Build | Mill |
| 5:09 | Create | Villager (Male) |
| 5:09 | Create | Villager (Male) |
| 5:42 | Build | Mill |
| 5:55 | Create | Villager (Male) |
| 5:55 | Create | Villager (Male) |
| 5:56 | Create | Villager (Male) |
| 7:10 | Create | Villager (Male) |
| 7:10 | Create | Villager (Male) |
| 7:30 | Build | House |
| 7:32 | Build | House |
| 7:34 | Build | House |
| 8:32 | Create | Villager (Male) |
| 8:32 | Create | Villager (Male) |
| 8:33 | Create | Villager (Male) |
| 8:33 | Create | Villager (Male) |
| 8:33 | Create | Villager (Male) |
| 9:53 | Create | Villager (Male) |
| 10:17 | Build | Mining Camp |
| 10:20 | Research | Feudal Age |
| 11:48 | Build | Mining Camp |
| 11:50 | Create | Villager (Male) |
| 11:51 | Create | Villager (Male) |
| 12:47 | Age | Feudal Age |
| 12:51 | Build | Market |
| 12:58 | Build | Blacksmith |
| 14:11 | Research | Castle Age |
| 14:11 | Research | Castle Age |
| 14:22 | Build | Watch Tower |
| 14:41 | Create | Villager (Male) |
| 14:42 | Create | Villager (Male) |
| 16:31 | Create | Villager (Male) |
| 16:51 | Age | Castle Age |
| 17:04 | Build | Watch Tower |
| 18:11 | Build | Farm |
| 18:11 | Build | Farm |
| 18:13 | Build | Farm |
| 18:15 | Build | Farm |
Match timeline
| 1:15 | marcosprojj · wall_segment Palisade Wall x5 |
| 1:47 | marcosprojj · wall_segment Palisade Wall x2 |
| 7:32 | Henri · first_building Barracks |
| 7:36 | marcosprojj · wall_segment Palisade Wall x6 |
| 8:25 | marcosprojj · wall_segment Palisade Wall x5 |
| 9:01 | Deuxfleurs · resign |
| 9:02 | CDLP_Themachine · wall_segment Palisade Wall x7 |
| 9:30 | marcosprojj · first_building Barracks |
| 9:37 | CDLP_Themachine · first_building Barracks |
| 9:48 | Machete · wall_segment Palisade Wall x6 |
| 10:14 | Machete · wall_segment Palisade Wall x1 |
| 10:25 | Machete · wall_segment Palisade Wall x20 |
| 10:27 | CDLP_Themachine · age_up feudal |
| 10:44 | Machete · age_up feudal |
| 10:47 | CDLP_Themachine · first_building Archery Range |
| 11:28 | kimjjzz · first_building Barracks |
| 11:39 | Machete · wall_segment Palisade Wall x4 |
| 11:45 | marcosprojj · age_up feudal |
| 12:12 | marcosprojj · first_building Archery Range |
| 12:23 | Henri · wall_segment Palisade Wall x3 |
| 12:29 | Henri · wall_segment Palisade Wall x2 |
| 12:47 | Machete · first_market_sell 100 wood |
| 12:47 | hannah · age_up feudal |
| 13:09 | R1se_Ag4inst · age_up feudal |
| 13:13 | kimjjzz · age_up feudal |
| 13:24 | Henri · wall_segment Palisade Wall x2 |
| 13:28 | Henri · wall_segment Palisade Wall x1 |
| 13:35 | marcosprojj · first_building Stable |
| 13:40 | Henri · wall_segment Palisade Wall x17 |
| 13:45 | kimjjzz · first_building Archery Range |
| 13:51 | Henri · wall_segment Palisade Wall x1 |
| 14:09 | Henri · age_up feudal |
| 14:18 | Henri · first_building Archery Range |
| 16:14 | Machete · first_building Barracks |
| 16:23 | R1se_Ag4inst · first_building Barracks |
| 16:51 | hannah · age_up castle |
| 16:54 | Machete · first_market_buy 100 food |
| 17:08 | Henri · wall_segment Palisade Wall x3 |
| 17:24 | marcosprojj · age_up castle |
| 19:10 | CDLP_Themachine · wall_segment Palisade Wall x1 |
| 19:47 | Machete · age_up castle |
| 20:55 | CDLP_Themachine · first_market_sell 100 wood |
| 21:03 | kimjjzz · age_up castle |
| 21:50 | kimjjzz · first_building Siege Workshop |
| 22:15 | Henri · age_up castle |
| 22:30 | marcosprojj · first_building Siege Workshop |
| 22:33 | Henri · first_market_buy 100 wood |
| 23:28 | Machete · first_building Krepost |
| 23:33 | marcosprojj · first_building Castle |
[ AI ANALYSIS · 1 CREDIT ]
What really happened in this match?
Wolo.gg analyzes every decision: build order, eco, micro, common mistakes by bracket. Personalized analysis on WhatsApp or Discord in 30 seconds.
Civ guide
Saracens
Perfil
Jugador #2326356